 Dungeon Crawl Stone Soup version 0.31.0-11-ge490571c62 (webtiles) character file.

Game seed: 4315924655738608095

266 Ofeo the Shooter (level 6, -1/48 HPs)
             Began as a Barachi Hunter on Jan 27, 2024.
             Was a Believer of Ashenzari.
             Killed by divine providence
             ... invoked by an orc priest
              (12 damage)
             ... on level 4 of the Dungeon.
             The game lasted 00:03:00 (3562 turns).

Ofeo the Shooter (Barachi Hunter)                   Turns: 3562, Time: 00:03:01

Health: -1/48      AC:  5    Str: 12    XL:     6   Next: 20%
Magic:  6/6        EV: 13    Int:  9    God:    Ashenzari [**....]
Gold:   131        SH:  0    Dex: 18    Spells: 5/5 levels left

rFire   . . .        a - +0 shortbow of Ashenzari's Gnosis {Fort, Elem} (curse)
rCold   . . .        (shield currently unavailable)
rNeg    + . .        c - +0 leather armour of Ashenzari's Mistrust {Fort, Sorc} (curse)
rPois   .            p - +2 hat
rElec   .            (no cloak)
rCorr   .            (no gloves)
SInv    +            (no boots)
Will    .....        o - amulet of regeneration
Stlth   +            k - ring of flight
HPRegen 1.08/turn    n - ring of positive energy
MPRegen 0.10/turn

%: no passive effects
@: confused, flying, slow
A: amphibious, slowness 1, strong legs 1, +LOS
a: Hop, Renounce Religion, Shatter the Chains


You were on level 4 of the Dungeon.
You worshipped Ashenzari.
Ashenzari was pleased with you.
You visited 1 branch of the dungeon, and saw 4 of its levels.

You collected 131 gold pieces.

Inventory:

Hand Weapons
 a - the cursed +0 shortbow of Ashenzari's Gnosis (weapon) {Fort, Elem}

   It has a curse which improves the following skills: Fortitude: Armour and
   Shields.
   Elements:  Fire Magic, Ice Magic, Air Magic and Earth Magic.
Missiles
 d - 4 silver javelins
 j - 3 curare-tipped darts
Armour
 c - the cursed +0 leather armour of Ashenzari's Mistrust (worn) {Fort, Sorc}

   It has a curse which improves the following skills: Fortitude: Armour and
   Shields.
   Sorcery:   Conjurations and Alchemy.
 p - a +2 hat (worn)
Jewellery
 k - a ring of flight (left hand)
 n - a ring of positive energy (right hand)
 o - an amulet of regeneration (around neck)
Scrolls
 b - a scroll of butterflies
 f - 2 scrolls of noise
Potions
 e - 3 potions of brilliance
 g - a potion of cancellation
 h - a potion of heal wounds {@q2}
 l - a potion of lignification
 m - a potion of attraction


   Skills:
 - Level 4.1 Fighting
 + Level 5.2 Ranged Weapons
 - Level 3.7 Dodging
 - Level 2.9 Stealth


You had 5 spell levels left.
You didn't know any spells.
Your spell library was empty.

Dungeon Overview and Level Annotations

Branches:
Dungeon (4/15)
 Temple: D:4-7

Altars:
Ashenzari
Elyvilon
Xom

Shops:
D:4 :


Innate Abilities, Weirdness & Mutations

You are amphibious.
You cover ground slowly.
You can hop short distances.
You have an extended range of vision and can be seen from far away.


Message History

You take 5 damage, and have 36/48 hp.
You shoot an arrow. The arrow closely misses the orc.
The arrow hits the orc priest!
The orc priest is heavily wounded.
You shoot an arrow. The arrow hits the orc!
You kill the orc!
You shoot an arrow. The arrow hits the orc priest.
The orc priest is almost dead.
The orc priest hits you with a +0 falchion. x2
The orc wizard gestures at you while chanting.
The puff of flame hits you.
You take 14 damage, and have 24/48 hp.
MASSIVE DAMAGE!!
You are too injured to fight recklessly!
You are too injured to fight recklessly!
You are too injured to fight recklessly!
You shoot an arrow.
The arrow hits the orc priest but does no damage.
The orc priest is almost dead.
The orc priest closely misses you. The orc wizard closely misses you.
You regained 2 hp, and now have 26/48 hp.
You shoot an arrow. The arrow barely misses the orc priest.
The orc priest calls down the wrath of Beogh upon you.
Beogh smites you! The orc wizard casts a spell at you.
You are confused.
You take 11 damage, and have 15/48 hp.
MASSIVE DAMAGE!!
You bump into the rock wall.
The orc wizard hits you with a +0 dagger.
* * * LOW HITPOINT WARNING * * *
The orc priest casts a cantrip, but nothing happens.
You take 1 damage, and have 14/48 hp.
You clumsily bash the orc priest but do no damage.
The orc priest is almost dead.
The orc priest invokes the aid of Beogh against you.
Pain shoots through your body!
* * * LOW HITPOINT WARNING * * *
The orc wizard hits you but does no damage.
The orc priest invokes the aid of Beogh against you.
Beogh smites you!
You die...

#.. #.# #.# #.#
########## ####.#
#(...o...( #....#
#.....o... #.#### #.#
#.######o######## ###
### #......o@........
..# #..
#..#####.######## #.#
#.# ###..# #.# #.# #.#
#....# #.# #.# #.#
#.#)######.####### #.#
#.# #.#.##...........##
#.# #.#
#.....†...........###.#
#..
#.#.##.###.#####......#
### #.#.##.#...#
#...####


You could see an orc priest and an orc wizard (invisible).

Vanquished Creatures
  A scorpion (D:4)
  2 orc priests
  3 gnolls
  4 adders
  4 ribbon worms
  7 orcs
  9 ball pythons
  9 endoplasms
  2 giant cockroaches
  3 goblins
  5 hobgoblins
  4 kobolds
  4 quokkas
  8 bats
  2 frilled lizards (D:2)
  5 rats
72 creatures vanquished.

Notes
Turn   | Place    | Note
-------+----------+-------------------------------------------
     0 | D:1      | Ofeo the Barachi Hunter began the quest for the Orb.
     0 | D:1      | Reached XP level 1. HP: 17/17 MP: 1/1
    86 | D:1      | Reached skill level 1 in Stealth
   130 | D:1      | Reached XP level 2. HP: 20/23 MP: 2/2
  1413 | D:2      | Reached XP level 3. HP: 20/28 MP: 3/3
  1488 | D:2      | Found a faded altar of an unknown god.
  1713 | D:2      | Prayed at the altar of an unknown god.
  1713 | D:2      | Became a worshipper of Ashenzari the Shackled
  2132 | D:2      | Reached XP level 4. HP: 6/35 MP: 4/4
  2558 | D:4      | Found Eceor's Book Boutique.
  2636 | D:3      | Reached XP level 5. HP: 7/41 MP: 5/5
  2638 | D:3      | HP: 1/41 [orc/+0 flail (7)]
  2947 | D:3      | Reached * piety under Ashenzari
  2947 | D:3      | Reached ** piety under Ashenzari
  3003 | D:3      | Found a shimmering altar of Xom.
  3160 | D:3      | Found a white marble altar of Elyvilon.
  3419 | D:4      | HP: 2/42 [poisoned by a scorpion]
  3422 | D:4      | Reached XP level 6. HP: 13/48 MP: 6/6
  3551 | D:4      | Reached skill level 5 in Ranged Weapons
  3562 | D:4      | Killed from afar by an orc priest

Illustrated notes

Levels and vault maps discovered:
D:1:      dpeg_arrival_round_a, layout_basic
D:2:      layout_loops_ring, dreamdust_ecumenical_altar_angels_and_demons,
          amcnicky_mini_pool_small, minmay_bisected
D:3:      layout_rooms, marbit_many_paths, elyvilon_altar_3
D:4:      layout_loops_ring, mainiacjoe_overflow_six_doors_small, serial_shops,
          nicolae_shop_hallway_stairs, shop

Skill      XL: |  1  2  3  4  5  6 |
---------------+-------------------+-----
Stealth        | 1 2 |  2.9
Fighting       | 3 4 |  4.1
Dodging        | 3 |  3.7
Ranged Weapons | 5 |  5.2

Action                     |  1- 3 |  4- 6 || total
---------------------------+-------+-------++-------
  Melee: Shortbow          |       |     1 ||     1
   Fire: Shortbow          |   118 |   127 ||   245
 Invoke: Curse Item        |     1 |     1 ||     2
Ability: Hop               |       |     1 ||     1
    Use: Scroll            |       |     4 ||     4
         Potion            |       |     1 ||     1
 Armour: Leather armour    |    39 |    31 ||    70
  Dodge: Dodged            |    48 |    45 ||    93
